Map: Dusk Towers

Players

Chunjihwaton

  • Race: Terran Terran
  • League: Gold

LilDicky - Winner!

  • Race: Terran Terran
  • League: Diamond

VOD

http://www.twitch.tv/tumescentpie

Description

Time

  • Played on: Dec. 2, 2015, 10:07 p.m.
  • Length: 6:26
Show
View Real Time Build Order
Export as new Build Order

Chunjihwaton Terran 

Build Orders:  

Get SALT Encoding   

  12  0:01  SCV  
  13  0:13  SCV  
  14  0:21  Supply Depot  
  14  0:25  SCV  
  15  0:43  SCV  
  15  0:44  Refinery  
  15  0:45  Barracks  
  16  0:55  SCV  
  17  1:07  SCV  
  18  1:20  SCV  
  19  1:28  Supply Depot  
  21  1:32  Reaper  
  21  1:35  Orbital Command  
  20  2:00  Command Center  
  21  2:01  SCV  
  21  2:06  Factory  
  21  2:13  SCV  
  22  2:22  Barracks Reactor  
  22  2:25  SCV  
  22  2:29  Refinery  
  23  2:38  SCV  
  22  2:59  Reaper x2  
  23  3:07  SCV  
  23  3:11  Hellion  
  24  3:19  SCV  
  22  3:30  SCV  
  23  3:43  SCV  
  23  3:44  SCV  
  25  3:52  Hellion x2  
  29  3:55  SCV  
  29  4:00  Orbital Command  
  30  4:08  SCV  
  31  4:20  SCV  
  32  4:29  SCV  
  33  4:32  SCV  
  34  4:38  Factory  
  34  4:41  SCV  
  34  4:44  SCV  
  33  4:55  SCV  
  33  5:05  SCV, Factory  
  34  5:07  Widow Mine x2  
  34  5:12  Engineering Bay  
  25  5:48  SCV  
  25  5:49  Refinery  
  23  5:51  Missile Turret  
  18  5:59  Hellion x2  
  18  6:03  SCV  
  18  6:04  SCV  
  19  6:08  Factory Tech Lab  
Show
View Real Time Build Order
Export as new Build Order

LilDicky Terran - Winner!

Build Orders: Banshee Rush 

Get SALT Encoding   

  12  0:02  SCV  
  14  0:14  SCV  
  14  0:18  Supply Depot  
  14  0:26  SCV  
  15  0:28  Refinery  
  15  0:40  SCV  
  16  0:45  Barracks  
  16  0:52  SCV  
  17  1:04  SCV  
  18  1:16  SCV  
  21  1:32  Reaper  
  21  1:33  Supply Depot, Orbital Command  
  21  1:36  Refinery  
  20  1:59  Factory  
  20  2:03  SCV  
  20  2:04  Marine  
  22  2:20  SCV  
  23  2:24  Command Center  
  23  2:26  Marine  
  24  2:49  Factory Tech Lab, Starport  
  24  2:52  SCV  
  25  3:02  Marine  
  26  3:19  Marine  
  30  3:33  SCV  
  28  3:34  Supply Depot  
  28  3:37  Banshee, Cloaking Field, Supply Depot  
  28  3:38  Marine  
  28  3:39  Orbital Command  
  32  3:45  SCV  
  33  3:49  Supply Depot  
  33  3:56  Marine  
  33  4:02  Hellion  
  36  4:04  Engineering Bay  
  36  4:05  SCV x2  
  35  4:19  Marine  
  35  4:22  Banshee  
  39  4:41  Marine  
  34  4:53  Factory Tech Lab  
  34  4:58  Marine  
  31  5:16  Marine  
  30  5:34  Marine  
  31  5:36  SCV  
  31  5:38  Siege Tank, Raven  
  31  5:42  SCV  
  38  5:48  Supply Depot  
  38  5:52  Marine  
  38  5:53  SCV  
Tags
 
Add a new tag
Caveats
  • Supply blocks, unpowered buildings, or Contaminate may cause inaccurate times.
  • Supply counts are checked every 10 seconds.